 Dungeon Crawl Stone Soup version 0.29.1-12-g30fa7ad0bf (webtiles) character file.

Game seed: 8090233658608562949

120 sankara the Shield-Bearer (level 4, -1/41 HPs)
             Began as a Minotaur Fighter on Jan 8, 2023.
             Slain by an orc
             ... wielding a +0 trident
              (6 damage)
             ... on level 3 of the Dungeon.
             The game lasted 00:02:14 (1973 turns).

sankara the Shield-Bearer (Minotaur Fighter)        Turns: 1973, Time: 00:02:17

Health: -1/41      AC: 12    Str: 21    XL:     4   Next: 75%
Magic:  3/3        EV:  7    Int:  5    God:
Gold:   134        SH:  5    Dex: 11    Spells: 3/3 levels left

rFire   . . .      SeeInvis .   a - +0 flail
rCold   . . .      Faith    .   c - +0 buckler
rNeg    . . .      Spirit   .   g - +0 chain mail
rPois   .          Reflect  .   (helmet restricted)
rElec   .          Harm     .   d - +2 cloak {Stlth+}
rCorr   .          Rampage  .   (no gloves)
Will    .....                   (no boots)
Stlth   ..........              (no amulet)
HPRegen 0.13/turn               (no ring)
MPRegen 0.08/turn               (no ring)

@: no status effects
A: horns 2, retaliatory headbutt
a: no special abilities


You were on level 3 of the Dungeon.
You visited 1 branch of the dungeon, and saw 3 of its levels.

You collected 134 gold pieces.

Inventory:

Hand Weapons
 a - a +0 flail (weapon)
Armour
 c - a +0 buckler (worn)
 d - a +2 cloak of stealth (worn)
 g - a +0 chain mail (worn)
Scrolls
 e - a scroll of vulnerability {unknown}
 f - 2 scrolls of teleportation {unknown}
Potions
 b - 2 potions of degeneration {unknown}


   Skills:
 + Level 4.4 Fighting
 * Level 4.2 Maces & Flails
 + Level 4.3 Armour
 + Level 4.4 Shields


You had 3 spell levels left.
You didn't know any spells.
Your spell library contained the following spells:

 Spells                   Type           Power      Damage    Failure   Level
 Dispersal                Tloc           0%         N/A       100%        6
 Disjunction              Tloc           0%         N/A       100%        8


Dungeon Overview and Level Annotations

Branches:
Dungeon (3/15)

Altars:
Wu Jian


Innate Abilities, Weirdness & Mutations

You have a pair of horns on your head.
You reflexively headbutt those who attack you in melee.


Message History

The orc priest looks encouraged for a moment.
An orc comes into view. It is wielding a +0 trident.
The adder bites you but does no damage.
The orc moves out of view. x2
You closely miss the adder.
The orc shouts!
The adder bites you but does no damage.
The orc priest invokes the aid of Beogh against you.
Beogh smites you!
You hit the adder.
The adder is moderately wounded.
You block the adder's attack. The adder bites you but does no damage.
You miss the adder. You headbutt the adder.
The adder is heavily wounded.
The adder bites you but does no damage. You block the adder's attack.
You miss the adder. Your headbutt misses the adder.
The adder is moderately wounded.
The adder bites you but does no damage.
You miss the adder.
The adder is moderately wounded.
The adder closely misses you. You block the adder's attack.
You hit the adder.
The adder is severely wounded.
The adder bites you but does no damage.
You sock the adder!
You kill the adder!
The orc hits you from afar with a +0 trident.
The orc hits you but does no damage.
You barely miss the orc. The orc barely misses you. x2
You closely miss the orc. The orc hits you but does no damage.
The orc hits you from afar with a +0 trident.
You barely miss the orc. Your headbutt misses the orc.
The orc barely misses you. The orc hits you but does no damage.
You sock the orc!
You kill the orc!
The orc priest invokes the aid of Beogh against you.
Beogh smites you!
* * * LOW HITPOINT WARNING * * *
The orc hits you but does no damage.
The orc hits you from afar with a +0 trident.
You die...

###...#...#
#...≈.#._. .
#.#.§.#.. ≈§
...≈.#.###.§§
#.≈.......≈.
#..##.§≈≈≈≈≈≈≈≈.
#.....)..)oo(...
#<@# #..# ....#
###..# #..# ....
#..# #.!#


You could see 2 orcs.

Vanquished Creatures
  Crazy Yiuf (D:2)
  Terence (D:2)
  2 adders
  A worm (D:2)
  An orc (D:3)
  6 ball pythons
  2 giant cockroaches
  3 goblins
  4 hobgoblins (D:1)
  4 jackals (D:2)
  3 quokkas (D:1)
  8 bats
  4 kobolds
  4 rats
44 creatures vanquished.

Notes
Turn   | Place    | Note
-------+----------+-------------------------------------------
     0 | D:1      | sankara the Minotaur Fighter began the quest for the Orb.
     0 | D:1      | Reached XP level 1. HP: 19/19 MP: 0/0
   194 | D:1      | Reached XP level 2. HP: 24/27 MP: 1/1
  1081 | D:2      | Found a runed translucent door.
  1082 | D:2      | Noticed Crazy Yiuf
  1122 | D:2      | Reached XP level 3. HP: 19/33 MP: 2/2
  1557 | D:2      | Noticed Terence
  1565 | D:2      | Killed Terence
  1566 | D:2      | Reached XP level 4. HP: 33/40 MP: 3/3
  1920 | D:2      | Killed Crazy Yiuf
  1960 | D:3      | Found an ornate altar of the Wu Jian Council.
  1973 | D:3      | Slain by an orc

Illustrated notes

Levels and vault maps discovered:
D:1:      wander_arrival_fairy_ring, layout_basic, minivault_14
D:2:      kennysheep_big_flooded_room, layout_loops_ring,
          uniq_crazy_yiuf_cottage, uniq_terence
D:3:      layout_loops_ring, mainiacjoe_overflow_brackets,
          nicolae_ecumenical_snake_handling, ebering_ghost_sewer_f

Skill      XL: |  1  2  3  4 |
---------------+-------------+-----
Maces & Flails | 3 4 |  4.2
Shields        | 4 |  4.4
Armour         | 4 |  4.3
Fighting       | 4 |  4.4

Action                   |  1- 3 |  4- 6 || total
-------------------------+-------+-------++-------
Melee: Flail             |    98 |    19 ||   117
       Headbutt          |    11 |     2 ||    13
  Use: Potion            |       |     1 ||     1
Armor: Scale mail        |    80 |       ||    80
       Chain mail        |     2 |    14 ||    16
Dodge: Dodged            |    54 |     5 ||    59
Block: Buckler           |    30 |     4 ||    34
